 Dungeon Crawl Stone Soup version 0.27-a0-597-g524d869a0f (webtiles) character file.

Game seed: 13076950231156175566

15136 shoop the Basher (level 12, -1/180 (183) HPs)
             Began as an Ogre Berserker on Mar 12, 2021.
             Was a High Priest of Trog.
             Slain by a hell hound (3 damage)
             ... in a Gauntlet.
             The game lasted 00:36:04 (15741 turns).

shoop the Basher (Ogre Berserker)                  Turns: 15741, Time: 00:36:05

HP:   -1/180 (183)  AC: 16    Str: 33    XL:     12   Next: 23%
MP:   12/12         EV:  8    Int:  8    God:    Trog [*****.]
Gold: 491           SH:  0    Dex:  9    Spells: 11/11 levels left

rFire    + . .     SeeInvis .   c - +0 giant club
rCold    + . .     Faith    .   (shield currently unavailable)
rNeg     . . .     Spirit   .   T - +1 gold dragon scales
rPois    +         Reflect  .   (helmet restricted)
rElec    .         Harm     .   R - scarf {+Inv}
rCorr    .         Rampage  .   (gloves unavailable)
Will     +....     NoTele   +   (boots unavailable)
Stlth    ..........             (no amulet)
HPRegen  0.40/turn              D - +4 ring of evasion
MPRegen  0.13/turn              B - +6 ring of strength

@: berserking (expiring), lightly drained, very quick
A: large, unfitting armour, tough skin 1
a: Renounce Religion, Evoke Invisibility, Berserk, Trog's Hand, Brothers in Arms


You were in a Gauntlet.
You worshipped Trog.
Trog was extremely pleased with you.
You visited 1 branch of the dungeon, and saw 12 of its levels.
You also visited: Bailey and Gauntlet.

You collected 820 gold pieces.
You spent 329 gold pieces at shops.

Inventory:

Hand Weapons
 a - a +0 giant spiked club
 b - a +2 mace of protection
 c - a +0 giant club (weapon)
 p - a +2 mace of holy wrath
 y - a +1 mace
 Y - a +1 antimagic dire flail
Missiles
 f - 13 boomerangs (quivered)
 Q - 30 poisoned darts
 U - 4 javelins
Armour
 n - a +2 robe of willpower
 q - a +0 animal skin
 N - a +0 kite shield
 O - a +0 troll leather armour
 R - a scarf of invisibility (worn)
 T - +1 gold dragon scales (worn)
Jewellery
 v - a ring of fire
 w - a +6 ring of dexterity
 z - a ring of protection from fire
 B - a +6 ring of strength (left hand)
 C - a ring of resist corrosion
 D - a +4 ring of evasion (right hand)
 G - a ring of positive energy
 H - a +4 ring of evasion
 I - a ring of wizardry
 X - the ring "Jahof" {Fire +Blink rN+ Str+5 Slay-5}
   (You found it on level 9 of the Dungeon)

   [ring of fire]

   It enhances your fire magic.
   It affects your strength (+5).
   It affects your accuracy and damage with ranged weapons and melee attacks
   (-5).
   It protects you from fire.
   It makes you vulnerable to cold.
   It protects you from negative energy.
   It lets you blink.
Wands
 s - a wand of polymorph (10)
 A - a wand of mindburst (29)
 L - a wand of digging (3)
 V - a wand of flame (8)
 W - a wand of paralysis (13)
Scrolls
 h - 5 scrolls of random uselessness
 i - 4 scrolls of amnesia
 k - 6 scrolls of teleportation
 l - a scroll of fog
 m - 3 scrolls of magic mapping
 o - 2 scrolls of blinking
 x - 4 scrolls of enchant armour
 K - a scroll of brand weapon
 M - 2 scrolls of noise
 P - a scroll of identify
 S - a scroll of enchant weapon
Potions
 d - 3 potions of curing
 e - 2 potions of resistance
 g - 3 potions of brilliance
 j - 5 potions of might
 r - a potion of heal wounds
 t - 2 potions of degeneration
 u - 2 potions of lignification
 E - 2 potions of mutation
 F - 2 potions of magic
 J - 6 potions of ambrosia


   Skills:
 + Level 8.8 Fighting
 + Level 14.8 Maces & Flails
 + Level 5.1 Armour
 - Level 3.0 Dodging
 - Level 3.0 Shields
 - Level 3.0 Evocations


You had 11 spell levels left.
You didn't know any spells.
Your spell library was empty.

Dungeon Overview and Level Annotations

Branches:
Dungeon (12/15)            Temple (0/1) D:7            Lair (0/6) D:9
    Orc (0/2) D:10         Bailey (visited)         Gauntlet (1/1)

Altars:
Dithmenos
Fedhas
Hepliaklqana
Makhleb
Qazlal
Uskayaw
Vehumet
Xom
Yredelemnul
The Shining One
Beogh

Shops:
D:8 ?   D:9 [

Annotations:
D:11 3 runed translucent doors, Aerich's ghost, journeyman DrCj Gauntlet 7 transporters


Innate Abilities, Weirdness & Mutations

You are too large for most types of armour.
You have tough skin. (AC +1)


Message History

The balrug gestures at you.
The fireball explodes!
The fireball engulfs you! You resist.
* * * LOW HITPOINT WARNING * * *
The fireball engulfs the balrug.
The balrug completely resists.
The fireball engulfs the hell hound.
The hell hound completely resists.
Unknown command.
You barely miss the balrug.
The balrug is moderately wounded.
You are covered in liquid flames!
* * * LOW HITPOINT WARNING * * *
The hell hound bites you.
* * * LOW HITPOINT WARNING * * *
Your ogre hits the balrug with a +0 giant spiked club!!
The balrug barely misses you.
Unknown command.
You closely miss the balrug.
The balrug is heavily wounded.
You are covered in liquid flames!
The hell hound closely misses you.
The balrug hits you with a +0 demon whip of freezing!
* * * LOW HITPOINT WARNING * * *
You are engulfed in flames!
You resist.
* * * LOW HITPOINT WARNING * * *
The balrug freezes you.
* * * LOW HITPOINT WARNING * * *
You sock the balrug!
The balrug is severely wounded.
You are covered in liquid flames!
* * * LOW HITPOINT WARNING * * *
Your ogre barely misses the balrug.
The hell hound bites you.
* * * LOW HITPOINT WARNING * * *
Unknown command.
Really walk into that dispersal trap?
You enter a dispersal trap!
The balrug blinks!
The hell hound blinks! x2
Your ogre blinks! x2
You blink.
You are covered in liquid flames!
You feel a strong urge to attack something.
You closely miss the hell hound. The hell hound bites you.
You die...

.≈≈....#...#...#.#...#..#...##
≈..≈≈≈.#...#..#...#..#..#.8...
.≈..≈.≈#####.##...##!#..#...##
≈.≈≈...#...##..#2##^[#..#.8.#
≈.©≈..©#©.©#....©^#.©#..#...#
..≈≈.≈[#...##..#.##.(#..#≈8≈#
≈≈..≈..#####.##O..##.#..#####
≈.≈≈.≈≈#...#..#.h.#..#..#
..≈....#.8.#...#@#^..#..###
########...###########..#8#
........................###
.......................≈#
######################### #8#
#8# #8# #8# #8# #8# ### ###
### ### ### ###


You could see a balrug, a hell hound (ally target) and a friendly ogre
(summoned, berserk).

Vanquished Creatures
  A boulder beetle (D:11)
  The ghost of davenfal the Cleaver, a novice HOFi of Beogh (D:8)
  A two-headed ogre (D:12)
  The ghost of Aerich the Destroyer, a novice DrCj of Sif Muna (D:9)
  A soul eater (Gauntlet)
  An unseen horror (D:11)
  A necromancer (Gauntlet)
  2 orc knights (Bailey)
  An ugly thing (D:11)
  A rime drake (D:9)
  Grinder (D:5)
  A queen bee (D:11)
  A troll (D:9)
  Sigmund (D:2)
  7 yaks (D:11)
  2 wraiths (D:8)
  A steam dragon (D:11)
  Menkaure (D:7)
  A soldier ant (D:10)
  2 water moccasins
  2 black bears (D:9)
  5 ice beasts
  4 sky beasts
  A necrophage (D:8)
  3 orc warriors
  3 wolves (Gauntlet)
  5 ogres
  5 centaurs
  3 phantoms
  9 bullfrogs
  5 scorpions
  24 killer bees
  8 wights
  An electric eel (D:10)
  3 howler monkeys
  A crimson imp (D:4)
  2 bullfrog zombies
  A quasit (D:6)
  2 orc priests
  3 centaur zombies
  3 hounds
  4 jellies
  Jessica (D:2)
  3 iguanas
  4 orc wizards
  18 worker ants
  3 hound skeletons
  2 howler monkey skeletons
  A worker ant zombie (D:10)
  3 gnolls (D:2)
  7 adders
  A hound simulacrum (D:9)
  3 shadow imps (Gauntlet)
  4 white imps
  3 ufetubi
  An ooze (D:4)
  A spectral adder (D:8)
  An adder skeleton (D:8)
  4 worms
  3 dart slugs
  8 leopard geckos
  31 orcs
  A ball python (D:3)
  5 bats
  5 giant cockroaches
  6 hobgoblins
  4 jackals
  12 kobolds
  4 quokkas
  4 frilled lizards
  7 goblins
  A quokka skeleton (D:8)
  A quokka zombie (D:5)
  10 rats
288 creatures vanquished.

Vanquished Creatures (collateral kills)
  Urug (D:10)
  A bullfrog skeleton (D:7)
2 creatures vanquished.

Vanquished Creatures (others)
  A white imp (D:9)
  3 fungi (D:9)
  3 plants
7 creatures vanquished.

Grand Total: 297 creatures vanquished

Notes
Turn   | Place    | Note
-------+----------+-------------------------------------------
     0 | D:1      | shoop the Ogre Berserker began the quest for the Orb.
     0 | D:1      | Reached XP level 1. HP: 24/24 MP: 1/1
    58 | D:1      | Reached skill level 3 in Maces & Flails
    75 | D:1      | Reached XP level 2. HP: 26/32 MP: 2/2
   488 | D:1      | Reached XP level 3. HP: 39/39 MP: 3/3
   567 | D:1      | Reached ** piety under Trog
   897 | D:2      | Reached skill level 4 in Maces & Flails
   907 | D:2      | Noticed Jessica
   920 | D:2      | Killed Jessica
   921 | D:2      | Reached XP level 4. HP: 42/48 MP: 4/4
  1318 | D:1      | HP: 1/48 [worm (4)]
  1751 | D:2      | Reached skill level 5 in Maces & Flails
  1806 | D:2      | Reached XP level 5. HP: 51/54 MP: 5/5
  1941 | D:2      | Noticed Sigmund
  1947 | D:2      | Killed Sigmund
  1948 | D:2      | Reached skill level 6 in Maces & Flails
  1948 | D:2      | Reached XP level 6. HP: 62/62 MP: 6/6
  2415 | D:3      | Reached *** piety under Trog
  3189 | D:4      | Found a shimmering altar of Xom.
  3189 | D:4      | Found a burning altar of Makhleb.
  3291 | D:4      | Reached skill level 7 in Maces & Flails
  3304 | D:4      | Reached XP level 7. HP: 65/70 MP: 7/7
  4052 | D:5      | Entered Level 5 of the Dungeon
  4215 | D:5      | Reached skill level 8 in Maces & Flails
  4296 | D:5      | Noticed Grinder
  4307 | D:5      | Killed Grinder
  4308 | D:5      | Reached XP level 8. HP: 78/78 MP: 8/8
  4309 | D:5      | Reached skill level 9 in Maces & Flails
  4855 | D:5      | Reached **** piety under Trog
  5429 | D:5      | Found a hazy altar of Hepliaklqana.
  5587 | D:5      | Found a radiant altar of Vehumet.
  5688 | D:6      | Found a basalt altar of Yredelemnul.
  5758 | D:6      | Reached skill level 10 in Maces & Flails
  6012 | D:6      | Reached XP level 9. HP: 77/84 MP: 9/9
  6475 | D:6      | Found a glowing golden altar of the Shining One.
  6537 | D:6      | Reached skill level 11 in Maces & Flails
  6779 | D:6      | Found a blossoming altar of Fedhas.
  7311 | D:7      | Found a staircase to the Ecumenical Temple.
  7312 | D:7      | Noticed Menkaure
  7330 | D:7      | Killed Menkaure
  7334 | D:7      | HP: 6/126 [something (10)]
  7335 | D:7      | HP: 2/126 [bullfrog skeleton (4)]
  7818 | D:7      | Reached skill level 12 in Maces & Flails
  8477 | D:8      | Found a transporter.
  8494 | D:8      | Found Roplait's Magic Scroll Boutique.
  8527 | D:8      | Reached XP level 10. HP: 86/92 MP: 10/10
  8670 | D:8      | Found a transporter.
  8670 | D:8      | Noticed davenfal's ghost (novice HOFi)
  8951 | D:8      | Bought a scroll of brand weapon for 280 gold pieces
  8951 | D:8      | Bought a scroll of magic mapping for 49 gold pieces
  9030 | D:8      | Reached skill level 13 in Maces & Flails
  9884 | D:9      | Reached skill level 1 in Shields
  9928 | D:9      | Found a runed translucent gate.
  9928 | D:9      | Found a runed translucent gate.
  9928 | D:9      | Found a runed translucent gate.
  9978 | D:9      | Reached skill level 1 in Evocations
 10098 | D:9      | Found a shadowy altar of Dithmenos.
 10609 | D:9      | Found a stormy altar of Qazlal.
 10610 | D:9      | Found a hide-covered altar of Uskayaw.
 10661 | D:9      | Found Wofyi's Armour Shop.
 10778 | D:9      | Found a staircase to the Lair.
 10810 | D:9      | Noticed Aerich's ghost (novice DrCj)
 10901 | D:8      | Identified the +3 ring mail of Buybo {rElec Stlth+}
 10953 | D:8      | Killed davenfal's ghost
 11006 | D:10     | Entered Level 10 of the Dungeon
 11006 | D:10     | Found a flagged portal.
 11088 | D:10     | Reached ***** piety under Trog
 11484 | D:10     | Found a staircase to the Orcish Mines.
 11531 | Bailey   | Entered a bailey
 11595 | Bailey   | Noticed an orc knight
 11686 | Bailey   | Noticed an orc knight
 11853 | Bailey   | Killed an orc knight
 11854 | Bailey   | Reached XP level 11. HP: 96/100 MP: 11/11
 12104 | Bailey   | Noticed an orc knight
 12119 | Bailey   | Killed an orc knight
 12120 | Bailey   | Reached skill level 14 in Maces & Flails
 12120 | Bailey   | Reached skill level 1 in Armour
 12526 | D:10     | Noticed Urug
 12559 | D:10     | Killed Urug
 13368 | D:11     | Killed an unseen horror
 13452 | D:11     | Reached skill level 5 in Fighting
 13962 | D:11     | Noticed a boulder beetle
 13971 | D:11     | Killed a boulder beetle
 14063 | D:11     | Noticed a red ugly thing
 14081 | D:11     | Killed a red ugly thing
 14320 | D:11     | Found a runed translucent gate.
 14321 | D:11     | Found a runed translucent gate.
 14321 | D:11     | Noticed Aerich's ghost (journeyman DrCj)
 14324 | D:11     | Identified the +1 plate armour "Vuevusk" {rElec rPois rN+++
                  | Dex-4}
 14325 | D:11     | Found a runed translucent gate.
 14721 | D:9      | Killed Aerich's ghost
 14728 | D:9      | Reached XP level 12. HP: 100/119 MP: 12/12
 14813 | D:9      | Identified the ring "Jahof" {Fire +Blink rN+ Str+5 Slay-5}
 14816 | D:9      | Identified the +1 scale mail of the Fife {rElec rPois MP+9}
 14901 | D:12     | Found a gate leading to a gauntlet.
 14901 | D:12     | Noticed a two-headed ogre
 14912 | D:12     | Killed a two-headed ogre
 14927 | D:12     | Received a gift from Trog
 15209 | Gauntlet | Entered a Gauntlet
 15209 | Gauntlet | Found a transporter.
 15209 | Gauntlet | Found a transporter.
 15209 | Gauntlet | Found a transporter.
 15211 | Gauntlet | Found a transporter.
 15213 | Gauntlet | Found a transporter.
 15224 | Gauntlet | Noticed a soul eater
 15227 | Gauntlet | Found a transporter.
 15231 | Gauntlet | Found a transporter.
 15250 | Gauntlet | Found a transporter.
 15256 | Gauntlet | Noticed a balrug
 15336 | Gauntlet | Found a transporter.
 15346 | Gauntlet | Found a transporter.
 15350 | Gauntlet | Found a transporter.
 15360 | Gauntlet | Found a transporter.
 15438 | Gauntlet | Reached skill level 5 in Armour
 15468 | Gauntlet | Killed a soul eater
 15736 | Gauntlet | HP: 8/180 [balrug/+0 demon whip of freezing (11)]
 15737 | Gauntlet | HP: 1/180 [hell hound (5)]
 15741 | Gauntlet | Slain by a hell hound

Illustrated notes

Levels and vault maps discovered:
D:1:      dpeg_arrival_rooms_a, layout_rooms
D:2:      layout_rooms, nrook_mini_backslash, uniq_sigmund, uniq_jessica
D:3:      layout_rooms
D:4:      layout_basic, grunt_temple_overflow_champion_of_chaos,
          chequers_serial_rivers_marsh
D:5:      cheibrodos_fzero, layout_loops_ring, kennysheep_mini,
          lemuel_round_altar, minivault_26, uniq_grinder
D:6:      minmay_evil_eye, layout_basic, nicolae_overflow_crystal_walls,
          lemuel_coloured_pillars_altar, general_overflow_altar
D:7:      layout_rooms, minmay_temple_entry_offerings, serial_glass,
          glass_columns_a, glass_columns_b, chequers_mini_garden,
          chequers_jeans, uniq_menkaure
D:8:      layout_rooms, serial_shops, shop_scrolls, gammafunk_ghost_mausoleum
D:9:      layout_basic, nicolae_dithmenos_shadow_blocks,
          gammafunk_temple_overflow_pools, grunt_lair_entry_orc_guard_hut,
          serial_shops, shop, gammafunk_ghost_icy
D:10:     wad_lake_hut, layout_loops_ring, orc_0_dummy, enter_bailey_2,
          uniq_urug
D:11:     layout_loops_ring, special_room [special_room_bee],
          biasface_ghost_orc_armoury
D:12:     layout_layer_cave, gauntlet_entry_generic, serial_glass,
          glass_columns_a, glass_columns_a
Gauntlet: gammafunk_gauntlet_hard_choice [nicolae_gauntlet_arena_t_cross,
          nicolae_gauntlet_arena_blocks, gammafunk_gauntlet_arena_split_diamond,
          nicolae_gauntlet_arena_flowing_pool, gammafunk_gauntlet_arena_spirals,
          gammafunk_gauntlet_arena_chambers, gauntlet_exit_watery]

Skill      XL: |  1  2  3  4  5  6  7  8  9 10 11 12 |
---------------+-------------------------------------+-----
Maces & Flails | 3 4 5 6 7 8 10 12 13 14 | 14.8
Dodging        | 3 |  3.0
Shields        | 3 |  3.0
Evocations     | 3 |  3.0
Armour         | 4 5 |  5.1
Fighting       | 7 8 |  8.8

Action                   |  1- 3 |  4- 6 |  7- 9 | 10-12 || total
-------------------------+-------+-------+-------+-------++-------
Melee: Mace              |    88 |   146 |   365 |   470 ||  1069
       Giant spiked club |       |       |    25 |       ||    25
       Giant club        |       |       |       |   143 ||   143
Throw: Boomerang         |       |     5 |       |     4 ||     9
       Dart              |       |       |       |    12 ||    12
Invok: Berserk           |     2 |     4 |     3 |     9 ||    18
       Brothers in Arms  |       |       |     1 |     2 ||     3
       Trog's Hand       |       |       |       |     1 ||     1
 Abil: Evoke Invisibilit |       |       |       |     1 ||     1
Evoke: Wand              |       |       |       |     3 ||     3
  Use: Scroll            |       |     7 |     4 |     5 ||    16
       Potion            |       |       |     1 |       ||     1
 Stab: Sleeping          |       |       |     1 |       ||     1
Armor: Animal skin       |    34 |    13 |       |       ||    47
       Robe              |       |    34 |   176 |    38 ||   248
       Troll leather arm |       |       |       |    24 ||    24
       Gold dragon scale |       |       |       |   232 ||   232
Dodge: Dodged            |    55 |    78 |   224 |   195 ||   552
Block: Kite shield       |       |       |       |   175 ||   175

Table legend: (Time is in decaauts)
 A = Elapsed time spent in this place.
 B = Non-inter-level travel time spent in this place.
 C = Inter-level travel time spent in this place.
 D = Time resting spent in this place.
 E = Time spent auto-exploring this place.
 F = Levels seen in this place.
 G = Mean time per level.
                   A        B        C        D        E       F      G
               +--------+--------+--------+--------+--------+-----+--------+
         Total |  15842 |  15325 |    517 |   2921 |   9290 |  14 | 1131.6 |
       Dungeon |  14502 |  13985 |    517 |   2335 |   9245 |  12 | 1208.5 |
        Bailey |    804 |    804 |      0 |    348 |     36 |   1 |  804.0 |
      Gauntlet |    535 |    535 |      0 |    237 |      9 |   1 |  535.0 |
               +--------+--------+--------+--------+--------+-----+--------+

Top non-repeatable levels by time:
     D:6: 1721 daAuts
     D:9: 1661 daAuts
     D:5: 1603 daAuts
    D:10: 1584 daAuts
    D:11: 1504 daAuts
     D:2: 1304 daAuts
     D:8: 1270 daAuts
     D:1: 978 daAuts
     D:4: 955 daAuts
     D:3: 886 daAuts
     D:7: 850 daAuts
  Bailey: 804 daAuts
Gauntlet: 535 daAuts
    D:12: 182 daAuts
